 Dungeon Crawl Stone Soup version 0.29.0-4-gdea44cf6ec (webtiles) character file.

Game seed: 4903178218440057212

899 qw the Chopper (level 8, -7/46 HPs)
             Began as a Tengu Warper on Aug 28, 2022.
             Was an Initiate of Okawaru.
             Mangled by an ogre
             ... wielding a +0 giant club
              (10 damage)
             ... on level 5 of the Dungeon.
             The game lasted 00:00:29 (5094 turns).

qw the Chopper (Tengu Warper)                       Turns: 5094, Time: 00:00:29

Health: -7/46      AC: 13    Str: 13    XL:     8   Next: 7%
Magic:  12/12      EV:  3    Int: 14    God:    Okawaru [......]
Gold:   255        SH:  9    Dex: 14    Spells: 11/11 levels left

rFire   . . .      SeeInvis .   Y - +0 hand axe (venom)
rCold   . . .      Faith    .   e - +0 kite shield
rNeg    . . .      Spirit   .   d - +1 plate armour
rPois   +          Reflect  .   (helmet restricted)
rElec   .          Harm     .   (no cloak)
rCorr   .          Rampage  .   j - +0 pair of gloves
Will    .....                   (boots unavailable)
Stlth   ..........              (no amulet)
HPRegen 0.15/turn               c - ring of poison resistance
MPRegen 0.13/turn               (no ring)

@: about to teleport, flying quickly and evasively, quick
A: beak, talons 3, nimble flight
a: Renounce Religion


You were on level 5 of the Dungeon.
You worshipped Okawaru.
Okawaru was noncommittal.
You visited 2 branches of the dungeon, and saw 6 of its levels.
You also visited: Ossuary.

You collected 255 gold pieces.


Innate Abilities, Weirdness & Mutations

You have a beak for a mouth.
You have claws for feet.
Your magical nature lets you fly swiftly and evasively.


   Skills:
 - Level 3.0 Fighting
 + Level 7.3 Axes
 - Level 1.0 Throwing
 - Level 3.3 Armour
 - Level 2.1 Dodging
 - Level 4.5 Shields
 - Level 2.0 Spellcasting
 - Level 2.4 Translocations


You had 11 spell levels left.
You didn't know any spells.
Your spell library contained the following spells:

 Spells                   Type           Power      Damage    Failure   Level
 Blink                    Tloc           16%        N/A       100%        2
 Gell's Gravitas          Tloc           8%         N/A       100%        3
 Lesser Beckoning         Tloc           8%         N/A       100%        3
 Teleport Other           Tloc           8%         N/A       100%        3
 Manifold Assault         Tloc           8%         N/A       100%        5

Inventory:

Hand Weapons
 g - a +0 club
 Y - a +0 hand axe of venom (weapon)
Armour
 d - a +1 plate armour (worn)
 e - a +0 kite shield (worn)
 j - a +0 pair of gloves (worn)
Jewellery
 c - a ring of poison resistance (left hand)
Scrolls
 a - a scroll of identify
Potions
 h - 3 potions of resistance
 i - a potion of haste
 k - 3 potions of curing
 l - 2 potions of might

Dungeon Overview and Level Annotations

Branches:
Dungeon (5/15)             Temple (1/1) D:5         Ossuary (visited)

Altars:
Ashenzari
Cheibriados
Dithmenos
Elyvilon
Fedhas
Gozag
Kikubaaqudgha
Makhleb
Nemelex Xobeh
Okawaru
Qazlal
Ru
Sif Muna
Trog
Uskayaw
Wu Jian
Xom
Yredelemnul
The Shining One

Annotations:
D:5 3 runed translucent doors, qw's ghost, amateur TeWr


Message History

An iguana comes into view.
The iguana hisses angrily.
You closely miss the iguana. You peck the iguana.
The iguana is moderately wounded.
You block the iguana's attack.
The iguana bites you but does no damage.
You hit the iguana.
The iguana is poisoned.
You claw the iguana, but do no damage. You peck the iguana.
The iguana is severely wounded.
The iguana bites you but does no damage.
You closely miss the iguana. Your kick misses the iguana.
The iguana is almost dead.
You kill the iguana!
Okawaru accepts your kill.
You see here an iguana corpse.
Found a scroll of noise and a book of Conjurations.
Found a spear.
Found a scale mail.
There is a stone staircase leading down here.
Found a spear.
Found 7 stones.
An ogre comes into view. It is wielding a +0 giant club.
You hit the ogre.
The ogre is poisoned.
You claw the ogre, but do no damage. Your peck misses the ogre.
The ogre is lightly wounded.
The ogre hits you with a +0 giant club!
You hit the ogre.
The ogre looks as sick as possible!
You claw the ogre. You peck the ogre.
The ogre is heavily wounded.
You closely miss the ogre.
The ogre is heavily wounded.
The ogre hits you with a +0 giant club!
You hit the ogre but do no damage. Your kick misses the ogre.
The ogre is heavily wounded.
The ogre hits you with a +0 giant club!
5094 ||| READING scroll of teleportation.
As you read the scroll of teleportation, it crumbles to dust.
You feel strangely unstable. The ogre hits you with a +0 giant club!
You die...

...######.####### .###
#.## ....# ## ###..#
....# # #....# ....# #
##.#..# ....# #
###.....#### ...(#
####...#.#....## ....#
............#..##....###
......#.}.#.....@.......
....#.......#...#O...###
..#...}.>.}...#.#.......
....#.......#...#.......
......#.}.#...###.......
#####.......#.# ....##.
# ##.#.#..#.# ....# #
#......#. .....
.######.#.#.#


You could see an ogre (very poisoned).

Vanquished Creatures
  An orc warrior (D:4)
  A phantom (D:4)
  2 necrophages
  2 scorpions
  3 centaur zombies (Ossuary)
  A jelly (D:4)
  A human zombie (Ossuary)
  3 hounds
  2 iguanas
  3 hound zombies (Ossuary)
  3 mummies (Ossuary)
  An adder (D:4)
  A shadow imp (D:5)
  4 adder zombies (Ossuary)
  3 dart slugs
  5 orcs
  5 ball pythons
  4 endoplasms
  A giant cockroach (D:3)
  3 gnoll zombies (Ossuary)
  4 goblins
  2 hobgoblins (D:1)
  4 quokkas
  A bat (D:2)
  2 frilled lizards (D:3)
  3 goblin zombies (Ossuary)
  A hobgoblin zombie (Ossuary)
  3 jackal zombies (Ossuary)
  7 kobolds
  3 kobold zombies (Ossuary)
  An orc zombie (Ossuary)
  3 quokka zombies (Ossuary)
  7 rats
  6 rat zombies (Ossuary)
96 creatures vanquished.

Notes
Turn   | Place    | Note
-------+----------+-------------------------------------------
     0 | D:1      | qw the Tengu Warper began the quest for the Orb.
     0 | D:1      | Reached XP level 1. HP: 12/12 MP: 4/4
     0 | D:1      | 0 ||| qw: Version: 0.1-a-89-g26bdef1
     0 | D:1      | 0 ||| qw: Game counter: 967
     0 | D:1      | 0 ||| qw: Always use a shield: true
     0 | D:1      | 0 ||| qw: God list: Okawaru
     0 | D:1      | 0 ||| qw: Allow faded altars: false
     0 | D:1      | 0 ||| qw: Do Orc after D:15 true
     0 | D:1      | 0 ||| qw: Do second Lair branch before Depths: true
     0 | D:1      | 0 ||| qw: Lair rune preference: random
     0 | D:1      | 0 ||| qw: Plans: Normal
     0 | D:1      | 0 ||| PLANNING D:1-11
    33 | D:1      | Reached skill level 3 in Axes
    33 | D:1      | Reached XP level 2. HP: 17/17 MP: 6/6
   102 | D:1      | Found a faded altar of an unknown god.
   237 | D:1      | You fall into a shaft and drop 1 floor!
   367 | D:2      | 367 ||| READING scroll labelled RUUDWUE FAWN.
   368 | D:2      | 368 ||| READING scroll labelled JERUHOREIF.
   373 | D:2      | 373 ||| DROPPING scroll of blinking.
   712 | D:1      | 712 ||| UPGRADING to +0 ring mail.
   722 | D:1      | 722 ||| DROPPING +0 leather armour.
   723 | D:1      | 723 ||| READING scroll labelled ELUMAU RUXYXAMECANT.
   898 | D:2      | Reached XP level 3. HP: 21/21 MP: 7/7
  1284 | D:2      | 1284 ||| UPGRADING to +0 kite shield.
  1289 | D:2      | 1289 ||| UPGRADING to +0 chain mail of cold resistance.
  1299 | D:2      | 1299 ||| DROPPING +0 ring mail.
  1300 | D:2      | 1300 ||| READING scroll labelled QOULUS KUMEE.
  1301 | D:2      | 1301 ||| READING scroll labelled BUISORCHY LUAKA.
  1302 | D:2      | 1302 ||| READING scroll labelled WONEEM TUAMU.
  1664 | D:3      | Found a glowing golden altar of the Shining One.
  1665 | D:3      | Found a broken altar of Ashenzari.
  1690 | D:3      | 1690 ||| Stepping ~*~*~tactically~*~*~ (hiding).
  1697 | D:3      | Reached skill level 1 in Shields
  1713 | D:3      | 1713 ||| Stepping ~*~*~tactically~*~*~ (stealth).
  2122 | D:3      | Noticed a scorpion
  2139 | D:3      | HP: 5/21 [scorpion (3)]
  2140 | D:3      | 2140 ||| READING scroll of teleportation.
  2142 | D:3      | Killed a scorpion
  2143 | D:3      | Reached skill level 3 in Shields
  2143 | D:3      | Reached XP level 4. HP: 6/26 MP: 8/8
  2570 | D:3      | 2570 ||| READING 2 scrolls labelled LECUZU XIVOHE.
  2671 | D:3      | 2671 ||| READING scroll labelled DOSULEOROY.
  2672 | D:3      | 2672 ||| DRINKING 2 orange potions.
  2673 | D:3      | 2673 ||| READING 2 scrolls of identify.
  2673 | D:3      | 2673 ||| IDENTIFYING metallic golden potion
  2674 | D:3      | 2674 ||| DROPPING scroll of silence.
  2675 | D:3      | 2675 ||| DROPPING potion of magic.
  2696 | D:4      | 2696 ||| PLANNING OSSUARY
  2733 | D:4      | Noticed a necrophage
  2739 | D:4      | 2739 ||| Stepping ~*~*~tactically~*~*~ (stealth).
  2744 | D:4      | Killed a necrophage
  2745 | D:4      | Reached skill level 4 in Axes
  2745 | D:4      | Gained mutation: Your magical nature lets you fly swiftly
                  | and evasively. [Tengu growth]
  2745 | D:4      | Reached XP level 5. HP: 30/30 MP: 9/9
  2786 | D:4      | Found a sand-covered staircase.
  2787 | D:4      | 2787 ||| UPGRADING to ring of poison resistance.
  2788 | D:4      | 2788 ||| READING 2 scrolls labelled ILEARI YSISI.
  2793 | Ossuary  | Entered an ossuary
  2841 | Ossuary  | 2841 ||| Stepping ~*~*~tactically~*~*~ (stealth).
  2845 | Ossuary  | Reached skill level 5 in Axes
  2853 | Ossuary  | 2853 ||| Stepping ~*~*~tactically~*~*~ (stealth).
  2855 | Ossuary  | 2855 ||| Stepping ~*~*~tactically~*~*~ (stealth).
  2856 | Ossuary  | 2856 ||| Stepping ~*~*~tactically~*~*~ (stealth).
  2920 | Ossuary  | 2920 ||| Stepping ~*~*~tactically~*~*~ (stealth).
  2924 | Ossuary  | 2924 ||| Stepping ~*~*~tactically~*~*~ (stealth).
  3085 | Ossuary  | Reached XP level 6. HP: 35/35 MP: 10/10
  3166 | Ossuary  | 3166 ||| Stepping ~*~*~tactically~*~*~ (stealth).
  3254 | Ossuary  | Reached skill level 6 in Axes
  3490 | Ossuary  | 3490 ||| READING scroll labelled SODDE JYSORPH.
  3491 | Ossuary  | 3491 ||| DRINKING 2 bubbling purple potions.
  3492 | Ossuary  | 3492 ||| DRINKING 2 amethyst potions.
  3493 | Ossuary  | 3493 ||| READING 2 scrolls of identify.
  3493 | Ossuary  | 3493 ||| IDENTIFYING murky purple potion
  3504 | D:4      | 3504 ||| PLANNING D:1-11
  3529 | D:4      | Noticed an orc warrior
  3548 | D:4      | Killed an orc warrior
  3549 | D:4      | Reached XP level 7. HP: 18/40 MP: 11/11
  3765 | D:4      | 3765 ||| SWAPPING to +0 hand axe of freezing.
  3766 | D:4      | 3766 ||| DROPPING +1 hand axe.
  3788 | D:4      | 3788 ||| Stepping ~*~*~tactically~*~*~ (stealth).
  3993 | D:4      | Found a shimmering altar of Xom.
  4239 | D:4      | Reached skill level 7 in Axes
  4485 | D:4      | 4485 ||| UPGRADING to +0 plate armour.
  4495 | D:4      | 4495 ||| DROPPING +0 chain mail of cold resistance.
  4496 | D:4      | 4496 ||| READING scroll of enchant armour.
  4496 | D:4      | 4496 ||| ENCHANTING +0 plate armour.
  4497 | D:4      | 4497 ||| DROPPING +6 ring of intelligence.
  4498 | D:4      | 4498 ||| READING 2 scrolls of identify.
  4498 | D:4      | 4498 ||| IDENTIFYING yellow potion
  4499 | D:4      | 4499 ||| DROPPING potion of ambrosia.
  4543 | D:5      | Entered Level 5 of the Dungeon
  4550 | D:5      | 4550 ||| Stepping ~*~*~tactically~*~*~ (hiding).
  4590 | D:5      | Reached skill level 3 in Armour
  4673 | D:5      | Found a runed translucent gate.
  4674 | D:5      | Found a runed translucent gate.
  4675 | D:5      | Found a runed translucent gate.
  4676 | D:5      | Noticed qw's ghost (amateur TeWr)
  4743 | D:5      | Reached XP level 8. HP: 38/45 MP: 12/12
  4801 | D:5      | Reached skill level 3 in Fighting
  4835 | D:5      | Found a staircase to the Ecumenical Temple.
  4836 | D:5      | 4836 ||| PLANNING TEMPLE
  4836 | D:5      | 4836 ||| UPGRADING to +0 pair of gloves.
  4841 | D:5      | 4841 ||| READING 2 scrolls labelled COCSEH VAETIT.
  4842 | D:5      | 4842 ||| READING scroll of brand weapon.
  4842 | D:5      | 4842 ||| BRANDING +0 hand axe of electrocution.
  4851 | Temple   | Entered the Ecumenical Temple
  4950 | Temple   | Became a worshipper of Warmaster Okawaru
  5014 | Temple   | 5014 ||| PLANNING D:1-11
  5093 | D:5      | HP: 2/46 [ogre/+0 giant club (15)]
  5094 | D:5      | 5094 ||| READING scroll of teleportation.
  5094 | D:5      | Mangled by an ogre

Levels and vault maps discovered:
D:1:      ebering_hopf_link, layout_rooms, shapermc_ecumenical_altar_ellora,
          chequers_serial_rivers_micro_e
D:2:      layout_loops_cross, minmay_misc_feat_x
D:3:      layout_loops_corners, nicolae_overflow_squiral
D:4:      layout_basic, lemuel_crystal_altar,
          nicolae_ossuary_entry_false_entrances, grunt_tough_drop
D:5:      layout_basic, minmay_temple_entry_sparse_star,
          ebering_ghost_rock_garden, due_unseen_surprise
Temple:   eino_temple_rhombus

Skill      XL: |  1  2  3  4  5  6  7  8 |
---------------+-------------------------+-----
Axes           | 3 4 5 6 7 |  7.3
Shields        | 3 4 |  4.5
Armour         | 2 3 |  3.3
Fighting       | 3 |  3.0
Throwing       | |  1.0
Dodging        | |  2.1
Spellcasting   | |  2.0
Translocations | |  2.4

Action                   |  1- 3 |  4- 6 |  7- 9 || total
-------------------------+-------+-------+-------++-------
Melee: Hand axe          |    85 |   139 |    78 ||   302
       Kick              |    18 |    48 |    24 ||    90
       Peck              |     7 |    28 |    18 ||    53
Throw: Boomerang         |     7 |       |       ||     7
  Use: Scroll            |     7 |     6 |     5 ||    18
       Potion            |       |     3 |       ||     3
 Stab: Sleeping          |     1 |       |       ||     1
Armor: Leather armour    |     3 |       |       ||     3
       Chain mail        |    20 |    60 |    16 ||    96
       Ring mail         |     2 |       |       ||     2
       Plate armour      |       |       |    11 ||    11
Dodge: Dodged            |    23 |    35 |    11 ||    69
Block: Kite shield       |    12 |    54 |    22 ||    88

Table legend:
 A = Non-vault XP
 B = Vault XP
 C = Vault XP percentage of total XP
 D = Non-vault monster count
 E = Vault monster count
 F = Vault count percentage of total count
                 A         B        C        D         E       F
            +---------+---------+-------+---------+---------+-------
      Total |     605 |     680 |  52.9 |      54 |      42 |  43.8
            +---------+---------+-------+---------+---------+-------
        D:1 |      27 |       0 |   0.0 |      14 |       0 |   0.0
        D:2 |      14 |       0 |   0.0 |       9 |       0 |   0.0
        D:3 |     112 |       0 |   0.0 |      16 |       0 |   0.0
        D:4 |     230 |     330 |  58.9 |      10 |       5 |  33.3
        D:5 |     222 |       0 |   0.0 |       5 |       0 |   0.0
    Ossuary |       0 |     350 | 100.0 |       0 |      37 | 100.0
            +---------+---------+-------+---------+---------+-------
